 Dungeon Crawl Stone Soup version 0.30.0-15-g856e2d3f33 (webtiles) character file.

Game seed: 18438598728284160173

225 jtron the Magician (level 5, 0/24 HPs)
             Began as a Spriggan Venom Mage on May 18, 2023.
             Slain by a jelly (1 damage)
             ... on level 4 of the Dungeon.
             The game lasted 00:11:29 (4033 turns).

jtron the Magician (Spriggan Venom Mage)            Turns: 4033, Time: 00:11:29

Health: 0/24       AC: -5    Str:  4    XL:     5   Next: 68%
Magic:  13/13      EV: 17    Int: 19    God:
Gold:   213        SH:  0    Dex: 15    Spells: 7/13 levels left

rFire   . . .        a - +0 dagger
rCold   . . .        (no shield)
rNeg    . . .        e - +0 robe
rPois   .            (helmet restricted)
rElec   .            m - +0 cloak
rCorr   .            (gloves unavailable)
SInv    +            (boots unavailable)
Will    +....        (no amulet)
Stlth   ++           g - ring of willpower
HPRegen 0.24/turn    (no ring)
MPRegen 0.13/turn

%: no passive effects
@: corroded, very quick
A: very small, no large weapons, unfitting armour, see invisible, speed 3
a: no special abilities


You were on level 4 of the Dungeon.
You visited 1 branch of the dungeon, and saw 4 of its levels.

You collected 213 gold pieces.

Inventory:

Hand Weapons
 a - a +0 dagger (weapon)
 b - a +0 sling
Missiles
 h - 21 stones (quivered)
Armour
 e - a +0 robe (worn)
 m - a +0 cloak (worn)
Jewellery
 g - a ring of willpower (left hand)
Scrolls
 d - a scroll of torment {unknown}
 k - a scroll of noise {unknown}
 l - 2 scrolls of teleportation
 q - a scroll of poison {unknown}
 r - a scroll of enchant armour {unknown}
Potions
 c - a potion of ambrosia
 f - 2 potions of might
 i - a potion of berserk rage {unknown}
 j - a potion of haste {unknown}
 n - a potion of heal wounds {unknown}
 p - 2 potions of magic


   Skills:
 + Level 0.1 Fighting
 + Level 0.5 Short Blades
 + Level 2.9 Dodging
 + Level 3.3 Stealth
 * Level 4.8 Spellcasting
 * Level 1.0 Conjurations
 + Level 2.8 Transmutations
 * Level 1.4 Air Magic
 + Level 3.9 Poison Magic


You had 7 spell levels left.
You knew the following spells:

 Your Spells              Type           Power      Damage    Failure   Level
a - Sting                 Tmut/Pois      68%        1d6       3%          1
b - Poisonous Vapours     Pois/Air       28%        N/A       6%          2
c - Mephitic Cloud        Conj/Pois/Air  12%        N/A       16%         3

Your spell library contained the following spells:

 Spells                   Type           Power      Damage    Failure   Level
 Apportation              Tloc           8%         N/A       13%         1
 Olgreb's Toxic Radiance  Pois           19%        N/A       26%         4


Dungeon Overview and Level Annotations

Branches:
Dungeon (4/15)
 Temple: D:4-7

Altars:
Kikubaaqudgha
Sif Muna
Vehumet

Shops:
D:3 (


Innate Abilities, Weirdness & Mutations

You are very small and have problems with some larger weapons.
You are too small for most types of armour.
You have supernaturally acute eyesight. (SInv)
You cover ground extremely quickly. (Speed+++)


Message History

You throw a stone. The stone hits the jelly.
The jelly is moderately wounded.
Throw: 23 stones
Press: ? - help, Q - select action, (/) - cycle Shift-Dir - straight line, f/p - jelly
Aim: a jelly (moderately wounded, 89% to hit)
You throw a stone. The stone hits the jelly.
The jelly is moderately wounded.
Throw: 22 stones
Press: ? - help, Q - select action, (/) - cycle Shift-Dir - straight line, f/p - jelly
Aim: a jelly (moderately wounded, 89% to hit)
You throw a stone. The stone hits the jelly.
The jelly is moderately wounded.
You hit the jelly. The acid corrodes you!
Your hands burn!
The jelly is heavily wounded.
The jelly misses you.
You hit the jelly but do no damage. The acid corrodes you!
Your hands burn!
The jelly is heavily wounded.
The jelly misses you.
You completely miss the jelly.
The jelly is heavily wounded.
The jelly barely misses you.
You hit the jelly but do no damage.
Your hands burn!
The jelly is moderately wounded.
The jelly closely misses you.
You hit the jelly but do no damage.
Your hands burn!
The jelly is moderately wounded.
The jelly closely misses you.
You hit the jelly but do no damage.
Your hands burn!
The jelly is moderately wounded.
The jelly hits you.
You are splashed with acid.
* * * LOW HITPOINT WARNING * * *
You hit the jelly but do no damage.
Your hands burn!
* * * LOW HITPOINT WARNING * * *
The jelly is moderately wounded.
The jelly closely misses you.
You hit the jelly but do no damage.
Your hands burn!
* * * LOW HITPOINT WARNING * * *
The jelly is moderately wounded.
The jelly hits you.
You die...

## ..
#####.####.
#..@J......
#.###.#####
#.#<# #
#.#.# #.#.#
#...# #####


You could see a jelly.

Vanquished Creatures
  Natasha (thrice) (D:3)
  4 adders
  4 gnolls (D:3)
  3 worms
  3 endoplasms
  3 giant cockroaches
  14 goblins
  6 hobgoblins
  3 jackals (D:1)
  2 quokkas
  5 ball pythons
  3 bats
  5 frilled lizards
  10 kobolds
  5 rats
73 creatures vanquished.

Notes
Turn   | Place    | Note
-------+----------+-------------------------------------------
     0 | D:1      | jtron the Spriggan Venom Mage began the quest for the Orb.
     0 | D:1      | Reached XP level 1. HP: 9/9 MP: 5/5
   395 | D:1      | Reached skill level 3 in Spellcasting
   413 | D:1      | Reached XP level 2. HP: 2/13 MP: 4/7
  1046 | D:1      | Learned a level 2 spell: Poisonous Vapours
  1529 | D:2      | Reached XP level 3. HP: 16/16 MP: 3/8
  1633 | D:2      | Learned a level 3 spell: Mephitic Cloud
  2176 | D:2      | Reached skill level 1 in Air Magic
  2537 | D:3      | Noticed Natasha
  2547 | D:3      | Killed Natasha
  2548 | D:3      | Reached XP level 4. HP: 11/21 MP: 6/10
  2957 | D:3      | Reached skill level 4 in Spellcasting
  3096 | D:3      | Noticed Natasha
  3107 | D:3      | Killed Natasha
  3108 | D:3      | Reached skill level 1 in Conjurations
  3108 | D:3      | Reached XP level 5. HP: 12/24 MP: 4/12
  3165 | D:3      | Found Kucelale's Weapon Emporium.
  3210 | D:3      | Noticed Natasha
  3245 | D:3      | Killed Natasha
  3321 | D:3      | Found a faded altar of an unknown god.
  3435 | D:3      | Found an ancient bone altar of Kikubaaqudgha.
  3439 | D:3      | Found a shimmering blue altar of Sif Muna.
  3440 | D:3      | Found a radiant altar of Vehumet.
  3446 | D:3      | Got Sif Muna's Verses on Peregrination
  4032 | D:4      | HP: 1/24 [acid (4)]
  4033 | D:4      | Slain by a jelly

Illustrated notes

Levels and vault maps discovered:
D:1:      minmay_arrival_wavy_path, layout_basic
D:2:      cheibrodos_greedy_goblins, layout_basic
D:3:      layout_basic, grunt_temple_overflow_magic_moments,
          hellmonk_ecumenical_altar_run_dry, serial_shops, shop, serial_glass,
          glass_columns_a, glass_columns_c, glass_columns_b, nicolae_half_adder,
          uniq_natasha
D:4:      layout_basic, minmay_misc_feat_room

Skill      XL: |  1  2  3  4 |
---------------+-------------+-----
Spellcasting   | 3 4 |  4.8
Transmutations | 2 |  2.8
Air Magic      | 1 |  1.4
Conjurations   | 1 |  1.0
Fighting       | |  0.1
Short Blades   | |  0.5
Dodging        | |  2.9
Stealth        | |  3.3
Poison Magic   | |  3.9

Action                     |  1- 3 |  4- 6 || total
---------------------------+-------+-------++-------
  Melee: Dagger            |    79 |    67 ||   146
  Throw: Stone             |       |     6 ||     6
   Cast: Sting             |    55 |    37 ||    92
         Poisonous Vapours |     5 |    17 ||    22
         Mephitic Cloud    |       |     1 ||     1
    Use: Scroll            |     2 |     2 ||     4
         Potion            |       |     1 ||     1
   Stab: Sleeping          |     6 |     1 ||     7
 Armour: Robe              |     5 |     9 ||    14
  Dodge: Dodged            |    56 |    53 ||   109
